 Dungeon Crawl Stone Soup version 0.31.0 (webtiles) character file.

Game seed: 14344583593369768676

94 qw the Shooter (level 4, -9/28 HPs)
             Began as a Gargoyle Hunter on Jan 19, 2024.
             Mangled by a black bear (10 damage)
             ... on level 3 of the Dungeon.
             The game lasted 00:00:07 (1904 turns).

qw the Shooter (Gargoyle Hunter)                    Turns: 1904, Time: 00:00:07

Health: -9/28      AC:  7    Str: 12 (14) XL:     4   Next: 63%
Magic:  4/4        EV: 11    Int:  8 (10) God:
Gold:   94         SH:  0    Dex: 14 (15) Spells: 3/3 levels left

rFire   . . .        a - +0 shortbow
rCold   . . .        (shield currently unavailable)
rNeg    + . .        c - +0 leather armour
rPois   inf          e - +0 helmet
rElec   +            (no cloak)
rCorr   .            (no gloves)
SInv    .            (no boots)
Will    .....        (no amulet)
Stlth   +            (no ring)
HPRegen 0.24/turn    (no ring)
MPRegen 0.09/turn

%: no passive effects
@: no status effects
A: sickness immunity, AC +3, negative energy resistance 1, electricity
resistance, torment resistance 1, petrification resistance
a: no special abilities


You were on level 3 of the Dungeon.
You visited 1 branch of the dungeon, and saw 3 of its levels.

You collected 94 gold pieces.


Innate Abilities, Weirdness & Mutations

You are immune to sickness and miasma.
Your stone body is resilient. (AC +3)
You are immune to poison.
You resist negative energy. (rN+)
You are resistant to electric shocks. (rElec)
You are resistant to unholy torment.
You are immune to petrification.


   Skills:
 - Level 3.0 Fighting
 + Level 5.6 Ranged Weapons
 - Level 1.5 Dodging
 - Level 1.1 Stealth


You had 3 spell levels left.
You didn't know any spells.
Your spell library was empty.

Inventory:

Hand Weapons
 a - a +0 shortbow (weapon)
Armour
 c - a +0 leather armour (worn)
 e - a +0 helmet (worn)
 f - a +0 pair of gloves
 g - a +2 ring mail of cold resistance
Scrolls
 b - a scroll of teleportation
 h - a scroll of identify
Potions
 d - 2 potions of curing

Dungeon Overview and Level Annotations

Branches:
Dungeon (3/15)

Altars:


Message History

The arrow hits the black bear.
The black bear is lightly wounded.
You hear a bark!
You shoot an arrow.
The arrow hits the black bear but does no damage.
The black bear is lightly wounded.
You shoot an arrow.
The arrow closely misses the black bear.
You shoot an arrow. The arrow hits the black bear!
The black bear is moderately wounded.
A jackal comes into view.
You shoot an arrow. The arrow hits the black bear!
The black bear is severely wounded.
You shoot an arrow. The arrow hits the black bear.
The black bear is severely wounded.
The black bear closely misses you. The black bear barely misses you.
The black bear misses you.
You shoot an arrow. The arrow hits the black bear.
The black bear is almost dead.
The black bear goes berserk!
The black bear bites you.
The black bear claws you but does no damage.
The black bear claws you.
You shoot an arrow. The arrow hits the black bear.
The black bear is almost dead.
The black bear closely misses you.
The black bear claws you but does no damage.
The black bear barely misses you.
You shoot an arrow.
The arrow completely misses the black bear.
The arrow barely misses the jackal.
The black bear bites you! The black bear barely misses you.
The black bear claws you but does no damage.
The black bear closely misses you. The black bear misses you.
The black bear claws you.
You shoot an arrow. The arrow hits the black bear.
The black bear is almost dead.
The black bear bites you! The black bear barely misses you.
The black bear claws you but does no damage.
The black bear bites you!
You die...

#
###%#..#.....##.#
...#...........#
#####.###........
...# #.#.#####
##### #.#.# #.#.#
#.#.#
#.###########.#.#
#...$hh@........#
..###########.###
###


You could see a black bear (berserk) and a jackal.

Vanquished Creatures
  4 adders (D:2)
  A dart slug (D:2)
  2 ribbon worms (D:2)
  4 orcs (D:2)
  5 bats
  5 endoplasms
  A giant cockroach (D:2)
  2 goblins
  4 hobgoblins
  3 jackals (D:2)
  3 kobolds
  4 quokkas
  2 ball pythons
  A frilled lizard (D:2)
  3 rats
44 creatures vanquished.

Notes
Turn   | Place    | Note
-------+----------+-------------------------------------------
     0 | D:1      | qw the Gargoyle Hunter began the quest for the Orb.
     0 | D:1      | Reached XP level 1. HP: 12/12 MP: 1/1
     0 | D:1      | 0 ||| qw: Version: 0.3-a-132-g3d54051
     0 | D:1      | 0 ||| qw: Game counter: 80
     0 | D:1      | 0 ||| qw: Melee chars always use a shield: true
     0 | D:1      | 0 ||| qw: God list: Okawaru
     0 | D:1      | 0 ||| qw: Allow faded altars: false
     0 | D:1      | 0 ||| qw: Do Orc after clearing Dungeon:15 true
     0 | D:1      | 0 ||| qw: Do second Lair branch before Depths: true
     0 | D:1      | 0 ||| qw: Lair rune preference: random
     0 | D:1      | 0 ||| qw: Goals: Normal
     0 | D:1      | 0 ||| PLANNING D:1-11
   202 | D:1      | Reached XP level 2. HP: 17/17 MP: 2/2
   785 | D:1      | 785 ||| UPGRADING to +0 helmet.
   790 | D:1      | 790 ||| READING scroll labelled NOYRAMECSIWK.
   795 | D:1      | 795 ||| DROPPING scroll of butterflies.
  1011 | D:2      | Reached skill level 5 in Ranged Weapons
  1011 | D:2      | Reached XP level 3. HP: 21/21 MP: 3/3
  1044 | D:2      | Reached skill level 3 in Fighting
  1044 | D:2      | 1044 ||| FLEEEEING.
  1146 | D:2      | Reached XP level 4. HP: 26/28 MP: 4/4
  1200 | D:2      | 1200 ||| FLEEEEING.
  1207 | D:2      | 1207 ||| STAIRDANCE
  1219 | D:1      | 1219 ||| READING scroll labelled YLYETTA NITZU.
  1257 | D:2      | Found a faded altar of an unknown god.
  1413 | D:2      | 1413 ||| FLEEEEING.
  1421 | D:2      | 1421 ||| STAIRDANCE
  1462 | D:1      | 1462 ||| DRINKING 2 gluggy blue potions.
  1463 | D:1      | 1463 ||| DROPPING potion of degeneration.
  1645 | D:2      | 1645 ||| READING scroll labelled SAF LYOJAZONUG.
  1645 | D:2      | 1645 ||| IDENTIFYING 2 pink potions
  1683 | D:3      | 1683 ||| STAIRDANCE
  1685 | D:2      | 1685 ||| FLEEEEING.
  1703 | D:3      | 1703 ||| STAIRDANCE
  1725 | D:3      | 1725 ||| STAIRDANCE
  1729 | D:2      | 1729 ||| FLEEEEING.
  1894 | D:3      | Noticed a black bear
  1904 | D:3      | HP: 1/28 [black bear (10)]
  1904 | D:3      | Mangled by a black bear

Levels and vault maps discovered:
D:1:      dpeg_arrival_short_road, layout_basic, minmay_misc_feat_ornament,
          moated_statue
D:2:      layout_loops_ring, chequers_ecumenical_altar_twisty
D:3:      cheibrodos_greedy_goblins, layout_loops_ring

Skill      XL: |  1  2  3 |
---------------+----------+-----
Ranged Weapons | 5 |  5.6
Fighting       | 3 |  3.0
Dodging        | |  1.5
Stealth        | |  1.1

Action                     |  1- 3 |  4- 6 || total
---------------------------+-------+-------++-------
   Fire: Shortbow          |    88 |    83 ||   171
    Use: Scroll            |     1 |     2 ||     3
         Potion            |       |     1 ||     1
 Armour: Leather armour    |    32 |    50 ||    82
  Dodge: Dodged            |    15 |    39 ||    54

Table legend:
 A = Non-vault XP
 B = Vault XP
 C = Vault XP percentage of total XP
 D = Non-vault monster count
 E = Vault monster count
 F = Vault count percentage of total count
                 A         B        C        D         E       F
            +---------+---------+-------+---------+---------+-------
      Total |     135 |       0 |   0.0 |      44 |       0 |   0.0
            +---------+---------+-------+---------+---------+-------
        D:1 |      15 |       0 |   0.0 |       9 |       0 |   0.0
        D:2 |     115 |       0 |   0.0 |      32 |       0 |   0.0
        D:3 |       5 |       0 |   0.0 |       3 |       0 |   0.0
            +---------+---------+-------+---------+---------+-------
